Workbook

Sheet 出納帳
A1: フォーマットのご提供：大家のプーさん（無断での複製・転載を禁じます） ／ Format provided by ooya the Pooh. Unauthorized reproduction or redistribution is prohibited.
A2: 現金出納帳
A3: 期間 | C3: 年 月 ～ 年 月
A4: 繰越残高（円）
A6: 日付 | B6: 科目 | C6: 摘要 | D6: 入金 | E6: 出金 | F6: 残高 | G6: 証憑番号
A7: （例）4/3 | B7: （例）雑収入 | C7: （例）自動販売機の手数料 | D7: 3000 | F7: =IF(AND(D7="",E7=""),"",$C$4+SUM(D$7:D7)-SUM(E$7:E7)) | G7: （例）001
F8: =IF(AND(D8="",E8=""),"",$C$4+SUM(D$7:D8)-SUM(E$7:E8))
F9: =IF(AND(D9="",E9=""),"",$C$4+SUM(D$7:D9)-SUM(E$7:E9))
F10: =IF(AND(D10="",E10=""),"",$C$4+SUM(D$7:D10)-SUM(E$7:E10))
F11: =IF(AND(D11="",E11=""),"",$C$4+SUM(D$7:D11)-SUM(E$7:E11))
F12: =IF(AND(D12="",E12=""),"",$C$4+SUM(D$7:D12)-SUM(E$7:E12))
F13: =IF(AND(D13="",E13=""),"",$C$4+SUM(D$7:D13)-SUM(E$7:E13))
F14: =IF(AND(D14="",E14=""),"",$C$4+SUM(D$7:D14)-SUM(E$7:E14))
F15: =IF(AND(D15="",E15=""),"",$C$4+SUM(D$7:D15)-SUM(E$7:E15))
F16: =IF(AND(D16="",E16=""),"",$C$4+SUM(D$7:D16)-SUM(E$7:E16))
F17: =IF(AND(D17="",E17=""),"",$C$4+SUM(D$7:D17)-SUM(E$7:E17))
F18: =IF(AND(D18="",E18=""),"",$C$4+SUM(D$7:D18)-SUM(E$7:E18))
F19: =IF(AND(D19="",E19=""),"",$C$4+SUM(D$7:D19)-SUM(E$7:E19))
... F77: =IF(AND(D77="",E77=""),"",$C$4+SUM(D$7:D77)-SUM(E$7:E77))
A78: 合計 | D78: =SUM(D7:D77) | E78: =SUM(E7:E77)
D79: 帳簿上の現金残高（円） | F79: =$C$4+$D$78-$E$78
A80: この表の使い方
A81: ・お金が動いた日付順に、1行ずつ書きます。現金が入ったら「入金」、出ていったら「出金」に入れます。残高は自動で計算されます。
A82: ・領収書やレシートに番号を振り、「証憑番号」に書いておくと、あとで探しやすくなります。
A83: ・月ごとの合計や繰越、月末の実際の現金との照合は、「月別集計」のシートで行います。
A84: ・帳簿の保存期間は、法人は原則7年です（欠損金のある事業年度は10年）。個人事業の方は保存期間が異なることがあります（2026年10月時点）。
A85: ・「（例）」の行は記入例です。お使いになるときは消すか、上書きしてください。

Sheet 月別集計
A1: フォーマットのご提供：大家のプーさん（無断での複製・転載を禁じます） ／ Format provided by ooya the Pooh. Unauthorized reproduction or redistribution is prohibited.
A2: 現金出納帳 月別集計と現金の照合
A3: 集計を始める月
A5: 月 | B5: 繰越 | C5: 入金の合計 | D5: 出金の合計 | E5: 月末の帳簿残高 | F5: 月末の実際の現金 | G5: 差額 | H5: 照合
A6: =IF($C$3="","",$C$3) | B6: =IF(A6="","",'出納帳'!$C$4) | C6: =IF(A6="","",SUMIFS('出納帳'!$D$7:$D$77,'出納帳'!$A$7:$A$77,">="&A6,'出納帳'!$A$7:$A$77,"<"&EDATE(A6,1))) | D6: =IF(A6="","",SUMIFS('出納帳'!$E$7:$E$77,'出納帳'!$A$7:$A$77,">="&A6,'出納帳'!$A$7:$A$77,"<"&EDATE(A6,1))) | E6: =IF(A6="","",B6+C6-D6) | G6: =IF(OR(A6="",F6=""),"",F6-E6) | H6: =IF(G6="","",IF(G6=0,"一致","差額あり"))
A7: =IF(A6="","",EDATE(A6,1)) | B7: =IF(A7="","",E6) | C7: =IF(A7="","",SUMIFS('出納帳'!$D$7:$D$77,'出納帳'!$A$7:$A$77,">="&A7,'出納帳'!$A$7:$A$77,"<"&EDATE(A7,1))) | D7: =IF(A7="","",SUMIFS('出納帳'!$E$7:$E$77,'出納帳'!$A$7:$A$77,">="&A7,'出納帳'!$A$7:$A$77,"<"&EDATE(A7,1))) | E7: =IF(A7="","",B7+C7-D7) | G7: =IF(OR(A7="",F7=""),"",F7-E7) | H7: =IF(G7="","",IF(G7=0,"一致","差額あり"))
A8: =IF(A7="","",EDATE(A7,1)) | B8: =IF(A8="","",E7) | C8: =IF(A8="","",SUMIFS('出納帳'!$D$7:$D$77,'出納帳'!$A$7:$A$77,">="&A8,'出納帳'!$A$7:$A$77,"<"&EDATE(A8,1))) | D8: =IF(A8="","",SUMIFS('出納帳'!$E$7:$E$77,'出納帳'!$A$7:$A$77,">="&A8,'出納帳'!$A$7:$A$77,"<"&EDATE(A8,1))) | E8: =IF(A8="","",B8+C8-D8) | G8: =IF(OR(A8="",F8=""),"",F8-E8) | H8: =IF(G8="","",IF(G8=0,"一致","差額あり"))
A9: =IF(A8="","",EDATE(A8,1)) | B9: =IF(A9="","",E8) | C9: =IF(A9="","",SUMIFS('出納帳'!$D$7:$D$77,'出納帳'!$A$7:$A$77,">="&A9,'出納帳'!$A$7:$A$77,"<"&EDATE(A9,1))) | D9: =IF(A9="","",SUMIFS('出納帳'!$E$7:$E$77,'出納帳'!$A$7:$A$77,">="&A9,'出納帳'!$A$7:$A$77,"<"&EDATE(A9,1))) | E9: =IF(A9="","",B9+C9-D9) | G9: =IF(OR(A9="",F9=""),"",F9-E9) | H9: =IF(G9="","",IF(G9=0,"一致","差額あり"))
A10: =IF(A9="","",EDATE(A9,1)) | B10: =IF(A10="","",E9) | C10: =IF(A10="","",SUMIFS('出納帳'!$D$7:$D$77,'出納帳'!$A$7:$A$77,">="&A10,'出納帳'!$A$7:$A$77,"<"&EDATE(A10,1))) | D10: =IF(A10="","",SUMIFS('出納帳'!$E$7:$E$77,'出納帳'!$A$7:$A$77,">="&A10,'出納帳'!$A$7:$A$77,"<"&EDATE(A10,1))) | E10: =IF(A10="","",B10+C10-D10) | G10: =IF(OR(A10="",F10=""),"",F10-E10) | H10: =IF(G10="","",IF(G10=0,"一致","差額あり"))
A11: =IF(A10="","",EDATE(A10,1)) | B11: =IF(A11="","",E10) | C11: =IF(A11="","",SUMIFS('出納帳'!$D$7:$D$77,'出納帳'!$A$7:$A$77,">="&A11,'出納帳'!$A$7:$A$77,"<"&EDATE(A11,1))) | D11: =IF(A11="","",SUMIFS('出納帳'!$E$7:$E$77,'出納帳'!$A$7:$A$77,">="&A11,'出納帳'!$A$7:$A$77,"<"&EDATE(A11,1))) | E11: =IF(A11="","",B11+C11-D11) | G11: =IF(OR(A11="",F11=""),"",F11-E11) | H11: =IF(G11="","",IF(G11=0,"一致","差額あり"))
A12: =IF(A11="","",EDATE(A11,1)) | B12: =IF(A12="","",E11) | C12: =IF(A12="","",SUMIFS('出納帳'!$D$7:$D$77,'出納帳'!$A$7:$A$77,">="&A12,'出納帳'!$A$7:$A$77,"<"&EDATE(A12,1))) | D12: =IF(A12="","",SUMIFS('出納帳'!$E$7:$E$77,'出納帳'!$A$7:$A$77,">="&A12,'出納帳'!$A$7:$A$77,"<"&EDATE(A12,1))) | E12: =IF(A12="","",B12+C12-D12) | G12: =IF(OR(A12="",F12=""),"",F12-E12) | H12: =IF(G12="","",IF(G12=0,"一致","差額あり"))
A13: =IF(A12="","",EDATE(A12,1)) | B13: =IF(A13="","",E12) | C13: =IF(A13="","",SUMIFS('出納帳'!$D$7:$D$77,'出納帳'!$A$7:$A$77,">="&A13,'出納帳'!$A$7:$A$77,"<"&EDATE(A13,1))) | D13: =IF(A13="","",SUMIFS('出納帳'!$E$7:$E$77,'出納帳'!$A$7:$A$77,">="&A13,'出納帳'!$A$7:$A$77,"<"&EDATE(A13,1))) | E13: =IF(A13="","",B13+C13-D13) | G13: =IF(OR(A13="",F13=""),"",F13-E13) | H13: =IF(G13="","",IF(G13=0,"一致","差額あり"))
A14: =IF(A13="","",EDATE(A13,1)) | B14: =IF(A14="","",E13) | C14: =IF(A14="","",SUMIFS('出納帳'!$D$7:$D$77,'出納帳'!$A$7:$A$77,">="&A14,'出納帳'!$A$7:$A$77,"<"&EDATE(A14,1))) | D14: =IF(A14="","",SUMIFS('出納帳'!$E$7:$E$77,'出納帳'!$A$7:$A$77,">="&A14,'出納帳'!$A$7:$A$77,"<"&EDATE(A14,1))) | E14: =IF(A14="","",B14+C14-D14) | G14: =IF(OR(A14="",F14=""),"",F14-E14) | H14: =IF(G14="","",IF(G14=0,"一致","差額あり"))
A15: =IF(A14="","",EDATE(A14,1)) | B15: =IF(A15="","",E14) | C15: =IF(A15="","",SUMIFS('出納帳'!$D$7:$D$77,'出納帳'!$A$7:$A$77,">="&A15,'出納帳'!$A$7:$A$77,"<"&EDATE(A15,1))) | D15: =IF(A15="","",SUMIFS('出納帳'!$E$7:$E$77,'出納帳'!$A$7:$A$77,">="&A15,'出納帳'!$A$7:$A$77,"<"&EDATE(A15,1))) | E15: =IF(A15="","",B15+C15-D15) | G15: =IF(OR(A15="",F15=""),"",F15-E15) | H15: =IF(G15="","",IF(G15=0,"一致","差額あり"))
A16: =IF(A15="","",EDATE(A15,1)) | B16: =IF(A16="","",E15) | C16: =IF(A16="","",SUMIFS('出納帳'!$D$7:$D$77,'出納帳'!$A$7:$A$77,">="&A16,'出納帳'!$A$7:$A$77,"<"&EDATE(A16,1))) | D16: =IF(A16="","",SUMIFS('出納帳'!$E$7:$E$77,'出納帳'!$A$7:$A$77,">="&A16,'出納帳'!$A$7:$A$77,"<"&EDATE(A16,1))) | E16: =IF(A16="","",B16+C16-D16) | G16: =IF(OR(A16="",F16=""),"",F16-E16) | H16: =IF(G16="","",IF(G16=0,"一致","差額あり"))
A17: =IF(A16="","",EDATE(A16,1)) | B17: =IF(A17="","",E16) | C17: =IF(A17="","",SUMIFS('出納帳'!$D$7:$D$77,'出納帳'!$A$7:$A$77,">="&A17,'出納帳'!$A$7:$A$77,"<"&EDATE(A17,1))) | D17: =IF(A17="","",SUMIFS('出納帳'!$E$7:$E$77,'出納帳'!$A$7:$A$77,">="&A17,'出納帳'!$A$7:$A$77,"<"&EDATE(A17,1))) | E17: =IF(A17="","",B17+C17-D17) | G17: =IF(OR(A17="",F17=""),"",F17-E17) | H17: =IF(G17="","",IF(G17=0,"一致","差額あり"))
A18: 合計 | C18: =SUM(C6:C17) | D18: =SUM(D6:D17)
A19: この表の使い方
A20: ・「集計を始める月」に、たとえば 2026/4 のように年と月を入れます。続く12か月分の月が自動で出ます。
A21: ・入金・出金の合計と月末の帳簿残高は、「出納帳」のシートの日付から自動で集計されます。日付は、日付として入力してください（文字では集計されません）。
A22: ・月末に、財布や金庫の現金を数えて「月末の実際の現金」に入れます。帳簿と合わないときは、差額が出ます。レシートの漏れや入力の間違いがないか確認してください。

Sheet このひな形について
B2: 大家のプーさん 事務の書類ひな形集
B3: このひな形について
B5: ■ この表について
B6: 現金の入出金を日付順に記録する基本の帳簿です。残高は自動で計算され、月ごとの合計・繰越と、月末の現金との照合もできます。
B8: ■ 色の見方
B9: 青い文字のところに入力してください。黒い文字のところは、計算式が入っていて自動で計算されます（計算式のセルは消さないようにご注意ください）。
B10: 「（例）」と書いてある行は記入例です。お使いになるときは消すか、上書きしてください。
B12: ■ 使い方
B13: ・「出納帳」のシートに、現金の入出金を日付順に1行ずつ書きます。最初に、前月からの繰越残高を入れてください。
B14: ・「科目」はプルダウンから選べます。お使いの科目に合わせて、直接書き込んでも構いません。
B15: ・月末に、実際の現金を数えて「月別集計」のシートの「月末の実際の現金」に入れ、帳簿と合っているかを確かめます。
B16: ・領収書やレシートは、証憑番号を振って、日付順に保管してください。
... B32: Format provided by ooya the Pooh. Unauthorized reproduction or redistribution is prohibited.
